General information
- name: BNet
- type: Ladder 1vs1/FFA
- host: Battle.net
- saver: MR.BONES
map: LostTemple
- players: 2
- length: 53:19
- speed: Fast
- version: 1.26 W3XP
- replay type: Public
» download(141 KB)
Players
team 1 (loser)
StupidLittleBoy (
red | 31 APM | 1670 actions | 53:10)
5 Demon Hunter
2 Immolation
3 Evasion
» actions
| Assign group hotkey | 1 | |
| Basic commands | 193 | |
| Build / train | 105 | |
| ESC pressed | 9 | |
| Enter build submenu | 52 | |
| Enter hero's abilities submenu | 5 | |
| Give item / drop item | 4 | |
| Right click | 414 | |
| Select / deselect | 752 | |
| Select group hotkey | 15 | |
| Use ability | 120 | |
1670 total
» units
| Wisp | 53 | |
| Druid of the Claw | 9 | |
| Dryad | 9 | |
| Druid of the Talon | 4 | |
75 total
» upgrades
| Strength of the Wild | 3 | |
| Reinforced Hides | 3 | |
| Druid of the Claw Training | 2 | |
| Mark of the Claw | 1 | |
| Well Spring | 1 | |
| Abolish Magic | 1 | |
| Nature's Blessing | 1 | |
| Druid of the Talon Training | 2 | |
| Mark of the Talon | 1 | |
15 total
» buildings
| Altar of Elders | 1 | |
| Moon Well | 13 | |
| Hunter's Hall | 1 | |
| Ancient Protector | 15 | |
| Ancient of Wonders | 1 | |
| Tree of Ages | 1 | |
| Ancient of Lore | 2 | |
| Tree of Eternity | 1 | |
| Tree of Life | 6 | |
| Ancient of Wind | 4 | |
45 total
» build order
00:05 Altar of Elders
00:09 Moon Well
01:04 Hunter's Hall
01:27 Moon Well
01:58 Moon Well
02:24 Ancient Protector
03:01 Ancient of Wonders
03:36 Tree of Ages
04:12 Ancient Protector
04:25 Moon Well
04:35 Ancient Protector
05:06 Ancient Protector
05:47 Moon Well
06:05 Ancient of Lore
06:07 Ancient of Lore
06:46 Ancient Protector
07:14 Tree of Eternity
13:04 Moon Well
13:42 Moon Well
14:47 Tree of Life
15:27 Ancient Protector
15:29 Ancient Protector
17:05 Tree of Life
19:32 Moon Well
19:35 Moon Well
20:20 Tree of Life
20:30 Moon Well
20:37 Ancient Protector
26:50 Tree of Life
28:04 Tree of Life
28:13 Tree of Life
28:49 Ancient Protector
29:45 Ancient Protector
29:49 Ancient Protector
30:06 Ancient Protector
30:14 Moon Well
33:47 Ancient Protector
33:50 Ancient Protector
33:53 Ancient Protector
40:31 Ancient of Wind
40:42 Ancient of Wind
41:20 Ancient of Wind
41:26 Ancient of Wind
46:48 Moon Well
52:40 Moon Well
» items
| Orb of Venom | 2 | |
| Scroll of Town Portal | 2 | |
| Boots of Speed | 1 | |
5 total
team 2 (winner)
MR.BONES (
green | 55 APM | 2913 actions | 53:19)
5 Archmage
3 Blizzard
2 Brilliance Aura
5 Blood Mage
3 Flame Strike
1 Banish
1 Siphon Mana
3 Mountain King
2 Bash
1 Storm Bolt
» actions
| Assign group hotkey | 69 | |
| Basic commands | 153 | |
| Build / train | 181 | |
| ESC pressed | 4 | |
| Enter build submenu | 75 | |
| Enter hero's abilities submenu | 13 | |
| Give item / drop item | 13 | |
| Right click | 788 | |
| Select / deselect | 741 | |
| Select group hotkey | 444 | |
| Use ability | 432 | |
2913 total
» units
| Peasant | 17 | |
| Goblin Shredder | 4 | |
| Goblin Zeppelin | 3 | |
| Goblin Sapper | 1 | |
| Gryphon Rider | 2 | |
| Dragonhawk Rider | 2 | |
| Sorceress | 1 | |
30 total
» upgrades
| Masonry | 3 | |
| Swords | 3 | |
| Storm Hammers | 1 | |
| Cloud | 1 | |
| Animal War Training | 1 | |
| Armor | 3 | |
| Magic Sentry | 1 | |
| Sorceress Training | 2 | |
| Gunpowder | 3 | |
| Flak Cannons | 1 | |
19 total
» buildings
| Altar of Kings | 1 | |
| Farm | 7 | |
| Lumber Mill | 2 | |
| Arcane Vault | 3 | |
| Scout Tower | 148 | |
| Arcane Tower | 17 | |
| Guard Tower | 40 | |
| Town Hall | 5 | |
| Keep | 2 | |
| Blacksmith | 1 | |
| Castle | 4 | |
| Gryphon Aviary | 3 | |
| Barracks | 1 | |
| Arcane Sanctum | 1 | |
| Workshop | 2 | |
237 total
» build order
00:06 Altar of Kings
00:26 Farm
00:44 Lumber Mill
01:03 Arcane Vault
01:11 Farm
01:23 Scout Tower
01:54 Farm
02:26 Scout Tower
02:35 Scout Tower
02:59 Scout Tower
03:09 Scout Tower
03:18 Scout Tower
03:20 Scout Tower
03:22 Arcane Tower
03:25 Scout Tower
03:27 Scout Tower
03:34 Scout Tower
04:03 Guard Tower
04:07 Guard Tower
04:46 Town Hall
05:03 Guard Tower
05:05 Scout Tower
05:07 Arcane Tower
05:08 Guard Tower
05:29 Guard Tower
05:31 Scout Tower
05:53 Guard Tower
06:12 Keep
06:52 Scout Tower
06:53 Scout Tower
06:54 Scout Tower
06:54 Scout Tower
06:58 Guard Tower
07:04 Scout Tower
07:05 Scout Tower
07:06 Scout Tower
07:07 Scout Tower
07:07 Scout Tower
07:26 Guard Tower
07:27 Guard Tower
07:29 Blacksmith
07:40 Guard Tower
07:43 Scout Tower
07:44 Scout Tower
07:47 Guard Tower
08:18 Arcane Vault
09:03 Castle
09:03 Castle
09:13 Guard Tower
09:13 Guard Tower
09:17 Guard Tower
09:18 Guard Tower
09:22 Guard Tower
09:59 Gryphon Aviary
10:00 Gryphon Aviary
11:05 Guard Tower
11:10 Scout Tower
11:11 Scout Tower
11:13 Scout Tower
11:16 Scout Tower
11:21 Farm
11:22 Farm
11:28 Farm
11:30 Farm
12:10 Arcane Tower
12:11 Arcane Tower
12:19 Arcane Tower
14:17 Scout Tower
14:19 Scout Tower
14:36 Barracks
15:26 Scout Tower
15:27 Scout Tower
15:28 Scout Tower
15:28 Scout Tower
15:29 Scout Tower
15:30 Scout Tower
15:31 Scout Tower
15:31 Scout Tower
15:33 Scout Tower
15:34 Scout Tower
15:35 Scout Tower
15:35 Scout Tower
16:54 Guard Tower
16:55 Scout Tower
16:56 Scout Tower
16:56 Scout Tower
17:00 Town Hall
17:11 Guard Tower
18:00 Arcane Tower
18:37 Arcane Tower
21:44 Scout Tower
21:45 Scout Tower
21:48 Scout Tower
21:48 Scout Tower
21:50 Scout Tower
21:52 Scout Tower
21:52 Scout Tower
23:07 Arcane Sanctum
23:11 Scout Tower
23:19 Gryphon Aviary
25:12 Arcane Tower
25:13 Arcane Tower
25:14 Guard Tower
26:18 Workshop
28:56 Scout Tower
28:56 Scout Tower
28:59 Scout Tower
29:00 Scout Tower
29:01 Scout Tower
29:02 Scout Tower
29:03 Scout Tower
29:03 Scout Tower
29:04 Scout Tower
29:05 Scout Tower
29:06 Scout Tower
29:07 Scout Tower
29:17 Scout Tower
29:18 Scout Tower
29:19 Scout Tower
29:19 Scout Tower
29:20 Scout Tower
29:21 Scout Tower
29:38 Arcane Tower
29:49 Guard Tower
29:53 Scout Tower
29:54 Scout Tower
29:55 Scout Tower
29:56 Scout Tower
29:57 Scout Tower
29:58 Scout Tower
30:01 Scout Tower
30:02 Scout Tower
30:03 Scout Tower
30:04 Scout Tower
30:04 Scout Tower
30:05 Scout Tower
30:07 Scout Tower
30:08 Scout Tower
30:14 Guard Tower
30:20 Scout Tower
30:44 Guard Tower
30:51 Town Hall
30:55 Scout Tower
30:56 Scout Tower
30:57 Scout Tower
31:01 Scout Tower
31:01 Scout Tower
31:06 Guard Tower
31:15 Scout Tower
31:17 Guard Tower
32:15 Guard Tower
32:21 Lumber Mill
32:24 Scout Tower
32:26 Scout Tower
32:27 Scout Tower
32:28 Scout Tower
32:29 Scout Tower
32:30 Scout Tower
32:33 Scout Tower
32:34 Scout Tower
32:35 Scout Tower
32:36 Scout Tower
32:37 Arcane Tower
32:39 Arcane Tower
32:43 Arcane Tower
33:11 Guard Tower
33:15 Guard Tower
33:19 Scout Tower
33:20 Scout Tower
33:22 Scout Tower
33:49 Arcane Tower
33:51 Guard Tower
33:54 Arcane Tower
34:08 Scout Tower
34:09 Scout Tower
34:10 Scout Tower
34:10 Scout Tower
34:12 Scout Tower
34:12 Scout Tower
34:13 Scout Tower
34:15 Scout Tower
34:16 Scout Tower
34:20 Scout Tower
34:22 Scout Tower
34:25 Scout Tower
34:26 Scout Tower
34:29 Scout Tower
34:32 Guard Tower
35:33 Town Hall
35:36 Guard Tower
36:02 Guard Tower
36:08 Scout Tower
36:09 Scout Tower
39:55 Guard Tower
39:56 Keep
40:38 Scout Tower
40:40 Scout Tower
40:41 Scout Tower
40:42 Scout Tower
40:43 Scout Tower
40:43 Scout Tower
40:44 Scout Tower
40:45 Scout Tower
40:47 Scout Tower
40:47 Scout Tower
40:49 Scout Tower
40:49 Scout Tower
41:39 Guard Tower
41:42 Town Hall
42:34 Guard Tower
42:36 Scout Tower
42:37 Scout Tower
43:26 Castle
43:36 Guard Tower
43:37 Scout Tower
43:38 Scout Tower
43:42 Scout Tower
44:29 Arcane Tower
44:32 Arcane Tower
45:33 Scout Tower
45:34 Scout Tower
45:35 Scout Tower
45:36 Scout Tower
45:38 Scout Tower
45:39 Scout Tower
45:57 Scout Tower
45:58 Scout Tower
46:00 Scout Tower
46:06 Arcane Vault
46:21 Workshop
46:23 Guard Tower
46:25 Guard Tower
47:20 Scout Tower
47:20 Scout Tower
48:16 Guard Tower
» items
| Lesser Clarity Potion | 6 | |
| Scroll of Regeneration | 11 | |
| Mechanical Critter | 9 | |
| Staff of Sanctuary | 2 | |
| Potion of Healing | 3 | |
| Potion of Mana | 1 | |
| Boots of Speed | 3 | |
| Staff of Teleportation | 3 | |
| Scroll of Protection | 3 | |
| Periapt of Vitality | 2 | |
| Scroll of Town Portal | 3 | |
| Potion of Invisibility | 2 | |
| Scroll of Healing | 1 | |
| Potion of Lesser Invulnerability | 1 | |
50 total
Chat log
(39:43 / All) StupidLittleBoy: what am i to do with you
(39:46 / All) MR.BONES: leave?
(39:57 / All) StupidLittleBoy: i can't make you leave though
(40:03 / All) MR.BONES: not me, you
(40:17 / All) StupidLittleBoy: why don't you want to leave?
(40:28 / All) MR.BONES: why would i leave?
(40:50 / All) StupidLittleBoy: ask yourself that question
(41:19 / All) MR.BONES: seriously why are you still here lol
(41:30 / All) StupidLittleBoy: why are you still here?
(42:03 / All) MR.BONES: thats getting expensive i bet
(42:11 / All) StupidLittleBoy: i'm rich as hell
(42:15 / All) MR.BONES: no youre not
(42:19 / All) StupidLittleBoy: i couldn't care less
(42:23 / All) StupidLittleBoy: fuck that tree up
(42:23 / All) MR.BONES: youve been in upkeep and you have 1/3 the mines i have
(42:30 / All) MR.BONES: why teleport if you dont care
(42:38 / All) StupidLittleBoy: not the tree
(42:49 / All) MR.BONES: nothing else there to teleport for, last time i checked
(42:56 / All) StupidLittleBoy: i could care less about the tree foo
(43:05 / All) MR.BONES: yet...you teleported...
(43:21 / All) StupidLittleBoy: you dumb
(43:28 / All) MR.BONES: you ARE* dumb
(43:40 / All) StupidLittleBoy: yes i'm talking about you
(43:48 / All) MR.BONES: and i'm correcting your grammar
(43:57 / All) StupidLittleBoy: no you're just stupid
(44:07 / All) MR.BONES: you got the grammar right that time at least
(44:18 / All) MR.BONES: so how rich are you?
(44:27 / All) StupidLittleBoy: you are so stupid bro
(44:36 / All) MR.BONES: just a simple question
(44:53 / All) StupidLittleBoy: i have enough gold to fucking not care about my tree
(44:57 / All) StupidLittleBoy: dumb dumb
(45:08 / All) MR.BONES: not answering why you teleported
(45:22 / All) MR.BONES: talons are a poor choice here
(45:29 / All) StupidLittleBoy: if you can't answer it yourself, you are a dumb brick
(45:44 / All) MR.BONES: well aside from trying to save face?
(45:54 / All) MR.BONES: :)
(46:35 / All) StupidLittleBoy: zzzz
(46:37 / All) MR.BONES: are you in high upkeep yet
(47:05 / All) StupidLittleBoy: yup
(47:11 / All) MR.BONES: on 1 gold mine
(47:13 / All) MR.BONES: not wise
(47:23 / All) StupidLittleBoy: i don't need a gold mine
(47:30 / All) StupidLittleBoy: boy
(47:52 / All) MR.BONES: have a look
(48:14 / All) StupidLittleBoy: i have over 4 k
(48:20 / All) MR.BONES: do you really
(48:27 / All) MR.BONES: i cant wait to check the replay and see if you're lying
(48:31 / All) MR.BONES: most people lie when they get mad
(48:34 / All) StupidLittleBoy: lol
(48:36 / All) StupidLittleBoy: check
(48:43 / All) MR.BONES: ok leave and i will :)
(48:54 / All) StupidLittleBoy: you dumb
(49:37 / All) MR.BONES: your guy died.
(49:42 / All) MR.BONES: leave now?
(50:23 / All) MR.BONES: free exp
(50:24 / All) MR.BONES: thanks
(50:46 / All) MR.BONES: wow
(50:50 / All) MR.BONES: you lost an entire army to 3 units
(50:57 / All) MR.BONES: how does that make you feel?
(51:10 / All) StupidLittleBoy: i feel great
(51:13 / All) MR.BONES: i think that was too hard for you
(51:22 / All) MR.BONES: ill remove some towers this time
(51:22 / All) StupidLittleBoy: considering it's against an idiot who used turtle
(51:35 / All) MR.BONES: yet you didnt build any siege
(51:36 / All) StupidLittleBoy: you use the shittiest technique
(51:40 / All) MR.BONES: you're not very smart are you
(52:02 / All) MR.BONES: have you ever been tested for a learning disability?
(52:09 / All) StupidLittleBoy: why build towers? hiding yourself?
(52:16 / All) MR.BONES: thanks i like your towers too
(52:28 / All) StupidLittleBoy: how often do you use this cowardly technique of yours?
(52:38 / All) MR.BONES: i think you actually spent more on towers than i did
(52:42 / All) MR.BONES: elf towers are expensive
(52:56 / All) MR.BONES: fine ill give this baby his bottle, there towers are gone
(53:00 / All) StupidLittleBoy: at least I don't play like a pussy
(53:03 / All) StupidLittleBoy: :)